 Dungeon Crawl Stone Soup version 0.29.1-13-g9f3cf754e1 (webtiles) character file.

Game seed: 1328833598580751872

4316 Saba the Skirmisher (level 10, -12/66 HPs)
             Began as a Gargoyle Hunter on Feb 8, 2023.
             Mangled by a death yak (16 damage)
             ... on level 8 of the Dungeon.
             The game lasted 00:25:37 (8727 turns).

Saba the Skirmisher (Gargoyle Hunter)               Turns: 8727, Time: 00:25:37

Health: -12/66     AC: 19    Str: 15    XL:     10   Next: 33%
Magic:  10/10      EV: 15    Int: 10    God:
Gold:   289        SH:  0    Dex: 17    Spells: 9/9 levels left

rFire   + . .      SeeInvis .   a - +0 shortbow
rCold   + . .      Faith    .   (shield currently unavailable)
rNeg    + . .      Spirit   .   F - quicksilver dragon scales
rPois   ∞          Reflect  .   c - +1 helmet
rElec   +          Harm     .   y - scarf {rC+ rF+}
rCorr   +          Rampage  .   n - +0 pair of gloves
Will    +....                   (no boots)
Stlth   +.........              x - amulet of regeneration
HPRegen 1.01/turn               u - ring of resist corrosion
MPRegen 0.12/turn               Q - +4 ring of evasion

@: about to teleport
A: sickness immunity, AC +7, negative energy resistance 1, electricity
resistance, torment resistance 1, petrification resistance
a: no special abilities


You were on level 8 of the Dungeon.
You visited 1 branch of the dungeon, and saw 8 of its levels.
You also visited: Sewer.

You collected 561 gold pieces.
You spent 272 gold pieces at shops.

Inventory:

Hand Weapons
 a - a +0 shortbow (weapon)
 s - a +0 sling
 R - the +5 long sword "Dutad" {spect, *Rage rElec rPois Stlth+}
   (You bought it in a shop on level 1 of the Dungeon)

   When its wielder attacks, the weapon's spirit leaps out and strikes again.
   The spirit shares a part of any damage it takes with its wielder.
   rElec:     It insulates you from electricity.
   rPois:     It protects you from poison.
   *Rage:     It berserks you when you make melee attacks (+20% chance).
   Stlth:     It makes you more stealthy.
Missiles
 v - 2 throwing nets
Armour
 c - a +1 helmet (worn)
 n - a +0 pair of gloves (worn)
 r - a +0 buckler
 y - a scarf of resistance (worn)
 F - quicksilver dragon scales (worn)
 U - a +3 ring mail of positive energy
Jewellery
 u - a ring of resist corrosion (left hand)
 x - an amulet of regeneration (around neck)
 G - a ring of fire
 I - a ring of flight
 L - a ring of ice
 Q - a +4 ring of evasion (right hand)
 T - an amulet of magic regeneration
Wands
 K - a wand of digging (3)
 M - a wand of quicksilver (10)
 O - a wand of roots (11)
 V - a wand of mindburst (18)
Scrolls
 b - 2 scrolls of immolation
 d - a scroll of teleportation
 f - 4 scrolls of noise {unknown}
 i - 8 scrolls of identify
 k - a scroll of torment {unknown}
 m - a scroll of amnesia {unknown}
 o - 3 scrolls of blinking {unknown}
 t - 2 scrolls of fear {unknown}
 B - 3 scrolls of summoning {unknown}
 C - 4 scrolls of enchant armour {unknown}
 D - a scroll of brand weapon {unknown}
 J - 2 scrolls of enchant weapon {unknown}
 N - a scroll of magic mapping {unknown}
 S - a scroll of acquirement {unknown}
Potions
 e - 2 potions of mutation {unknown}
 g - 2 potions of curing
 h - 3 potions of might {unknown}
 j - a potion of degeneration {unknown}
 l - 3 potions of heal wounds {unknown}
 p - 2 potions of magic {unknown}
 q - a potion of resistance {unknown}
 w - 3 potions of berserk rage {unknown}
 z - a potion of cancellation {unknown}
 A - 5 potions of flight
 E - 2 potions of haste {unknown}
 H - 2 potions of attraction {unknown}
 P - 3 potions of brilliance {unknown}


   Skills:
 + Level 9.6 Fighting
 * Level 12.6 Ranged Weapons
 - Level 1.5 Dodging
 - Level 1.1 Stealth


You had 9 spell levels left.
You didn't know any spells.
Your spell library contained the following spells:

 Spells                   Type           Power      Damage    Failure   Level
 Sting                    Tmut/Pois      0%         1d3       58%         1
 Blink                    Tloc           0%         N/A       75%         2
 Poisonous Vapours        Pois/Air       0%         N/A       75%         2
 Lesser Beckoning         Tloc           0%         N/A       92%         3
 Olgreb's Toxic Radiance  Pois           0%         N/A       100%        4
 Manifold Assault         Tloc           0%         N/A       100%        5


Dungeon Overview and Level Annotations

Branches:
Dungeon (8/15)             Temple (0/1) D:6           Sewer (visited)
   Lair: D:8-11

Altars:
Elyvilon
Uskayaw

Shops:
D:1 (=**(

Annotations:
D:2 1 runed translucent door, Crazy Yiuf


Innate Abilities, Weirdness & Mutations

You are immune to sickness and miasma.
Your stone body is resilient. (AC +7)
You are immune to poison.
You resist negative energy. (rN+)
You are resistant to electric shocks. (rElec)
You are resistant to unholy torment.
You are immune to petrification.


Message History

The arrow hits the wyvern.
The wyvern is moderately wounded.
The death yak gores you but does no damage.
You shoot an arrow.
The arrow hits the death yak but does no damage.
The death yak is lightly wounded.
The death yak gores you.
You shoot an arrow.
The arrow hits the death yak but does no damage.
The death yak is lightly wounded.
The death yak gores you.
You shoot an arrow. The arrow hits the death yak!
The death yak is moderately wounded.
You hear a bellow!
The death yak gores you!
A death yak comes into view.
You shoot an arrow. The arrow hits the death yak!
The death yak is moderately wounded.
The death yak gores you!!
You are too injured to fight recklessly!
The death yak attacks as you move away! The death yak barely misses you.
The death yak attacks as you move away! The death yak gores you!!
* * * LOW HITPOINT WARNING * * *
A death yak comes into view.
You feel better.
The death yak gores you but does no damage.
The death yak attacks as you move away! The death yak misses you.
The death yak attacks as you move away! The death yak gores you!
* * * LOW HITPOINT WARNING * * *
The death yak attacks as you move away! The death yak gores you.
* * * LOW HITPOINT WARNING * * *
Items here: ))) [ ÷÷.
Okay, then.
As you read the scroll of teleportation, it crumbles to dust.
You feel strangely unstable. The death yak gores you!
* * * LOW HITPOINT WARNING * * *
Items here: )) ÷÷.
You see here a +0 flail.
The death yak attacks as you move away! The death yak gores you!
You die...

#.....###[.##)..## #
##.........##...# #
#.........###..# #..........##..#
###...)........##
#.....##......###
#.....####....... # ######.....#
##...... .### #Yl)Y@.....#
##..... ...# #.#####....# #.....
#.#########.# #....# ##.....
##Y...Y.Yl.l.#####....#####...##.
#..#######.......................
#.## #..#.#.#.#.#.#.......... ..#
#...................#### #.#
#....⌠.....⌠.......## #.#
#......._..........#


You could see 2 death yaks and a wyvern.

Vanquished Creatures
  Maggie (D:6)
  Prince Ribbit (D:6)
  5 yaks (D:5)
  A wyvern (D:8)
  Edmund (D:6)
  Duvessa (D:6)
  A water moccasin (Sewer)
  A sky beast (D:7)
  2 ice beasts
  A centaur (D:5)
  2 phantoms
  2 bullfrogs
  A necrophage (D:7)
  5 scorpions
  5 wights (D:7)
  Dowan (D:6)
  6 killer bees
  8 howler monkeys
  A gnoll bouda (D:8)
  5 orc priests
  3 hounds
  A jelly (D:8)
  2 iguanas
  3 orc wizards
  Robin (D:2)
  8 gnolls
  7 adders
  2 white imps
  An ufetubus (D:6)
  A worm (D:3)
  5 dart slugs
  30 orcs
  4 bats
  11 endoplasms
  A giant cockroach (D:3)
  13 hobgoblins
  7 jackals
  7 quokkas
  6 ball pythons
  A frilled lizard (D:2)
  17 goblins
  9 kobolds
  8 rats
199 creatures vanquished.

Vanquished Creatures (others)
  An orc wizard (D:4)
  7 plants (D:2)
8 creatures vanquished.

Grand Total: 207 creatures vanquished

Notes
Turn   | Place    | Note
-------+----------+-------------------------------------------
     0 | D:1      | Saba the Gargoyle Hunter began the quest for the Orb.
     0 | D:1      | Reached XP level 1. HP: 12/12 MP: 1/1
   306 | D:1      | Reached XP level 2. HP: 18/18 MP: 2/2
   542 | D:1      | Found Aratwomu's Jewellery Boutique.
   605 | D:1      | Found Pesef's Antique Weapon Boutique.
   998 | D:1      | Found Xiecotz's General Store.
  1005 | D:1      | Bought a scroll of identify for 26 gold pieces
  1011 | D:1      | Reached XP level 3. HP: 22/22 MP: 3/3
  1047 | D:1      | Found Tonestre's Assorted Antiques.
  1085 | D:1      | Found Cazita Fimu's Weapon Boutique.
  1535 | D:2      | Noticed Robin
  2198 | D:1      | Reached skill level 5 in Ranged Weapons
  2385 | D:2      | Killed Robin
  2386 | D:2      | Reached XP level 4. HP: 17/28 MP: 4/4
  3200 | D:2      | Found a runed translucent door.
  3201 | D:2      | Noticed Crazy Yiuf
  3724 | D:3      | Found a hide-covered altar of Uskayaw.
  3966 | D:3      | Reached XP level 5. HP: 32/32 MP: 5/5
  4106 | D:3      | Found a glowing drain.
  4110 | Sewer    | Entered a sewer
  4157 | Sewer    | Noticed a water moccasin
  4171 | Sewer    | Killed a water moccasin
  4172 | Sewer    | Reached skill level 6 in Ranged Weapons
  4172 | Sewer    | Reached XP level 6. HP: 23/38 MP: 6/6
  4657 | D:4      | Reached skill level 7 in Ranged Weapons
  4657 | D:4      | Reached XP level 7. HP: 44/44 MP: 7/7
  4855 | D:4      | Reached skill level 5 in Fighting
  5367 | D:5      | Entered Level 5 of the Dungeon
  5456 | D:5      | Noticed a yak
  5466 | D:5      | Reached skill level 8 in Ranged Weapons
  5544 | D:5      | Reached XP level 8. HP: 44/51 MP: 8/8
  5572 | D:5      | Noticed a yak
  5857 | D:5      | You fall into a shaft and drop 2 floors!
  5973 | D:7      | Reached skill level 9 in Ranged Weapons
  6254 | D:7      | Reached skill level 10 in Ranged Weapons
  6254 | D:7      | Reached XP level 9. HP: 57/57 MP: 9/9
  6622 | D:6      | Noticed Duvessa
  6624 | D:6      | Noticed Dowan
  6649 | D:6      | Killed Duvessa
  6661 | D:6      | Killed Dowan
  6857 | D:5      | Reached skill level 11 in Ranged Weapons
  7103 | D:1      | Bought a jewelled long sword for 246 gold pieces
  7103 | D:1      | Identified the +5 long sword "Dutad" {spect, *Rage rElec
                  | rPois Stlth+} (You bought it in a shop on level 1 of the
                  | Dungeon)
  7329 | D:6      | Noticed Prince Ribbit
  7340 | D:6      | Killed Prince Ribbit
  7512 | D:6      | Found a staircase to the Ecumenical Temple.
  7539 | D:6      | Noticed Maggie
  7565 | D:6      | Killed Maggie
  7566 | D:6      | Reached skill level 12 in Ranged Weapons
  7566 | D:6      | Reached XP level 10. HP: 53/66 MP: 10/10
  7657 | D:6      | Noticed Edmund
  7690 | D:6      | Killed Edmund
  8244 | D:8      | Identified the +0 robe of Afosk {Drain rElec Int+2 Stlth+}
  8411 | D:8      | Found a white marble altar of Elyvilon.
  8696 | D:8      | Noticed a death yak
  8700 | D:8      | Noticed a death yak
  8711 | D:8      | Noticed a death yak
  8714 | D:8      | Noticed a death yak
  8724 | D:8      | HP: 2/66 [death yak (13)]
  8727 | D:8      | Mangled by a death yak

Illustrated notes

Levels and vault maps discovered:
D:1:      shiori_arrival_oz, layout_basic, serial_shops, shop_statue,
          nicolae_shop_window_shopping,
          nicolae_shop_competitors_out_of_business, shop, shop, minmay_ruptured
D:2:      layout_basic, minmay_misc_feat_five, serial_bayou_lagoon_a,
          minmay_tromino_i2, uniq_crazy_yiuf_cottage, uniq_robin
D:3:      layout_basic, mainiacjoe_overflow_six_doors_small,
          gup_sewer_entry_spiral, solitary_fountain
D:4:      minmay_opposing_rooms, layout_loops_ring
D:5:      layout_basic, grunt_decor_fettered
D:6:      layout_loops_cross, minmay_temple_entry_statues, uniq_duvessa,
          uniq_edmund, uniq_prince_ribbit1, uniq_maggie
D:7:      layout_loops_ring
D:8:      layout_layer_cave, elyvilon_altar_5, dpeg_lair_monsters

Skill      XL: |  1  2  3  4  5  6  7  8  9 |
---------------+----------------------------+-----
Fighting       | 3 4 6 7 9 |  9.6
Ranged Weapons | 5 6 7 8 10 12 | 12.6
Dodging        | |  1.5
Stealth        | |  1.1

Action                   |  1- 3 |  4- 6 |  7- 9 | 10-12 || total
-------------------------+-------+-------+-------+-------++-------
Melee: Shortbow          |       |     1 |       |       ||     1
       Long sword        |       |       |     1 |       ||     1
 Fire: Shortbow          |   119 |   198 |   449 |   174 ||   940
Evoke: Wand              |       |       |     5 |       ||     5
  Use: Potion            |     1 |     1 |       |     1 ||     3
       Scroll            |       |     1 |     2 |     1 ||     4
 Stab: Distracted        |       |       |     1 |       ||     1
Armor: Leather armour    |    16 |       |       |       ||    16
       Scale mail        |    26 |    83 |     7 |       ||   116
       Skin              |     2 |       |       |       ||     2
       Quicksilver drago |       |       |   162 |    81 ||   243
Dodge: Dodged            |    53 |    73 |   172 |   144 ||   442
